 Dungeon Crawl Stone Soup version 0.29.1-13-g9f3cf754e1 (webtiles) character file.

Game seed: 13378273357216945936

3824 Groucho the Covert (level 9, -5/39 HPs)
             Began as a Spriggan Earth Elementalist on Jan 22, 2023.
             Was a Follower of Vehumet.
             Slain by an orc warrior
             ... wielding a +0 hand axe
              (13 damage)
             ... in a bailey.
             The game lasted 00:34:41 (17318 turns).

Groucho the Covert (Spriggan Earth Elementalist)   Turns: 17318, Time: 00:34:42

Health: -5/39      AC:  4    Str:  4    XL:     9   Next: 97%
Magic:  13/20      EV: 22    Int: 25    God:    Vehumet [*.....]
Gold:   944        SH:  5    Dex: 19    Spells: 14/21 levels left

rFire   . . .      SeeInvis +   f - +2 falchion of Cruel Justice {vorpal, Int+4 Dex+4}
rCold   . . .      Faith    .   (no shield)
rNeg    + . .      Spirit   .   E - +0 robe
rPois   +          Reflect  +   (helmet restricted)
rElec   .          Harm     .   J - +1 cloak
rCorr   .          Rampage  .   (gloves unavailable)
Will    +....                   (boots unavailable)
Stlth   ++++......              x - amulet of reflection
HPRegen 0.13/turn               l - ring of poison resistance
MPRegen 0.17/turn               w - ring of positive energy

@: mighty, very quick
A: very small, no large weapons, unfitting armour, see invisible, speed 3
a: Renounce Religion


You were in a bailey.
You worshipped Vehumet.
Vehumet was aware of your devotion.
You visited 2 branches of the dungeon, and saw 10 of its levels.
You also visited: Bailey.

You collected 944 gold pieces.

Inventory:

Hand Weapons
 f - the +2 falchion of Cruel Justice (weapon) {vorpal, Int+4 Dex+4}
   (You found it on level 4 of the Dungeon)

   It inflicts extra damage upon your enemies.
   Int:       It affects your intelligence (+4).
   Dex:       It affects your dexterity (+4).
 g - a +1 short sword
 k - the +7 flail "Gooda" {elec, Int+2}
   (You found it on level 2 of the Dungeon)

   It occasionally discharges a powerful burst of electricity upon striking a
   foe.
   Int:       It affects your intelligence (+2).
Missiles
 d - 10 poisoned darts
 h - 82 stones
 j - 2 throwing nets
 Q - 14 boomerangs
Armour
 E - a +0 robe (worn)
 J - a +1 cloak (worn)
Magical Staves
 A - a staff of fire
Jewellery
 l - a ring of poison resistance (left hand)
 w - a ring of positive energy (right hand)
 x - an amulet of reflection (around neck)
 O - a ring of magical power
Wands
 u - a wand of flame (14)
 I - a wand of roots (6)
 L - a wand of mindburst (10)
 M - a wand of polymorph (7)
Scrolls
 a - 2 scrolls of fear {unknown}
 c - 3 scrolls of teleportation {unknown}
 m - a scroll of enchant weapon
 n - a scroll of poison {unknown}
 p - 2 scrolls of enchant armour {unknown}
 s - 3 scrolls of immolation {unknown}
 t - 10 scrolls of identify
 v - 2 scrolls of amnesia {unknown}
 y - 3 scrolls of noise {unknown}
 B - 3 scrolls of brand weapon {unknown}
 C - a scroll of magic mapping {unknown}
 D - a scroll of acquirement {unknown}
 F - a scroll of summoning {unknown}
 K - a scroll of torment {unknown}
Potions
 b - 2 potions of magic
 i - a potion of cancellation {unknown}
 o - a potion of ambrosia {unknown}
 q - a potion of might
 r - a potion of resistance
 G - 2 potions of mutation {unknown}
 H - a potion of haste {unknown}
 N - a potion of berserk rage {unknown}
 P - 2 potions of flight


   Skills:
 + Level 7.2 Dodging
 + Level 8.5 Stealth
 + Level 6.7 Spellcasting
 * Level 5.2 Conjurations
 + Level 6.7 Transmutations
 * Level 7.1 Earth Magic


You had 14 spell levels left.
You knew the following spells:

 Your Spells              Type           Power      Damage    Failure   Level
a - Sandblast             Erth           86%        2d18      1%          1
b - Passwall              Tmut/Erth      35%        N/A       1%          2
c - Stone Arrow           Conj/Erth      78%        3d11      1%          3
d - Magic Dart            Conj           100%       1d8       1%          1

Your spell library contained the following spells:

 Spells                   Type           Power      Damage    Failure   Level
 Shock                    Conj/Air       84%        1d8       2%          1
 Petrify                  Tmut/Erth      43%        N/A       4%          4
 Mephitic Cloud           Conj/Pois/Air  17%        N/A       10%         3
 Call Imp                 Summ           8%         N/A       11%         2


Dungeon Overview and Level Annotations

Branches:
Dungeon (9/15)             Temple (1/1) D:6          Bailey (1/1)
   Lair: D:8-11         Orc: D:9-12

Altars:
Ashenzari
Cheibriados
Elyvilon
Fedhas
Gozag
Qazlal
Ru
Vehumet
Yredelemnul
Zin
The Shining One

Shops:
D:1 !   D:3 :   D:5 (   D:8 *

Annotations:
D:3 2 transporters, jaiteiro's ghost, amateur GnCj
D:5 1 runed translucent door, rasy's ghost, novice DsFi


Innate Abilities, Weirdness & Mutations

You are very small and have problems with some larger weapons.
You are too small for most types of armour.
You have supernaturally acute eyesight. (SInv)
You cover ground extremely quickly. (Speed+++)


Message History

Aim: an orc warrior, wielding a +0 war axe and wearing a +0 chain mail (71% to hit)
The stone arrow hits the hobgoblin.
You kill the hobgoblin!
Vehumet accepts your kill.
You feel your power returning.
The orc warrior hits you with a +0 war axe!
The orc warrior hits you with a +0 war axe.
* * * LOW HITPOINT WARNING * * *
Unknown command.
Unknown command.
The orc warrior barely misses you. The orc warrior closely misses you.
You see here a potion of flight.
Casting: Stone Arrow (safe; 1% risk of failure)
Confirm with . or Enter, or press ? or * to list all spells.
Aiming: Stone Arrow (safe; 1% risk of failure)
Press: ? - help, Shift-Dir - straight line, f - orc warrior, p - orc warrior
Aim: an orc warrior, wielding a +0 hand axe and wearing a +0 ring mail (67% to hit)
The stone arrow hits the orc warrior!
The orc warrior is heavily wounded.
You block the orc warrior's attack. The orc warrior closely misses you.
The orc warrior hits you with a +0 war axe.
* * * LOW HITPOINT WARNING * * *
Unknown command.
Unknown command.
Okay, then.
Blink to where?
Press: ? - help, Dir - move target, p - orc warrior
Found a box of beasts.
As you read the scroll of blinking, it crumbles to dust.
The orc warrior barely misses you.
Okay, then.
Casting: Stone Arrow (safe; 1% risk of failure)
Confirm with . or Enter, or press ? or * to list all spells.
Aiming: Stone Arrow (safe; 1% risk of failure)
Press: ? - help, Shift-Dir - straight line, f - orc warrior
Aim: an orc warrior, wielding a +0 hand axe and wearing a +0 ring mail (67% to hit)
The stone arrow hits the orc warrior.
The orc warrior is lightly wounded.
The orc warrior hits you with a +0 hand axe!
You die...

###..#.#..##.#
###########.############
##......)....÷....†......
#.......#########).......
##..######.......##†#.....
##...'.#..#.......#..#....⌠
######....###..# ..... #..###...
#≈≈≈≈≈≈...#}'..####'####..#.'÷..
##≈≈≈≈≈≈..###..@ooo...^...###...
##≈≈≈≈≈≈≈~.#..####o####..#.....
####≈≈≈≈≈≈####...)...####..≈)≈
####≈≈≈≈≈K#...o...#∩≈≈≈≈≈≈~
###≈≈≈≈#########≈≈≈≈≈...
###≈≈≈≈≈≈≈≈≈≈≈≈≈≈..÷..
###≈≈≈≈≈≈≈≈≈........
##.............###
##..∩......####


You could see 4 orc warriors.

Vanquished Creatures
  2 hornets
  Sigmund (D:5)
  A wyvern (D:8)
  A steam dragon (D:7)
  Menkaure (D:5)
  A water moccasin (D:7)
  A black bear (D:5)
  An orc warrior (D:8)
  A sky beast (D:5)
  4 ogres
  2 centaurs (D:8)
  A phantom (D:5)
  2 necrophages (D:7)
  4 bullfrogs
  2 scorpions
  10 wights (D:8)
  5 killer bees
  5 hounds
  2 gnoll boudas
  5 iguanas
  An orc wizard (D:6)
  13 gnolls
  9 adders
  2 white imps
  An ufetubus (D:6)
  7 worms
  2 dart slugs
  21 orcs
  6 ball pythons
  3 bats
  9 endoplasms
  5 giant cockroaches
  10 goblins
  12 hobgoblins
  9 jackals
  A quokka (D:1)
  3 frilled lizards
  21 kobolds
  8 rats
195 creatures vanquished.

Notes
Turn   | Place    | Note
-------+----------+-------------------------------------------
     0 | D:1      | Groucho the Spriggan Earth Elementalist began the quest for
                  | the Orb.
     0 | D:1      | Reached XP level 1. HP: 9/9 MP: 5/5
   205 | D:1      | Found Ryumuimm's Distillery.
   213 | D:1      | Reached XP level 2. HP: 13/13 MP: 2/6
   216 | D:1      | Learned a level 2 spell: Passwall
  1305 | D:2      | Identified the +7 flail "Gooda" {elec, Int+2}
  1341 | D:2      | Reached XP level 3. HP: 6/16 MP: 1/8
  1927 | D:2      | Learned a level 3 spell: Stone Arrow
  1962 | D:2      | Found a faded altar of an unknown god.
  2814 | D:2      | Reached XP level 4. HP: 21/21 MP: 6/9
  3450 | D:2      | Found a blossoming altar of Fedhas.
  3659 | D:3      | Found Exol's Book Boutique.
  3713 | D:3      | Found an opulent altar of Gozag.
  3774 | D:3      | Reached skill level 4 in Stealth
  4021 | D:3      | Reached skill level 1 in Conjurations
  4285 | D:3      | Noticed an ogre
  4285 | D:3      | Noticed jaiteiro's ghost (amateur GnCj)
  4286 | D:3      | Found a transporter.
  4286 | D:3      | Noticed an ogre
  4287 | D:3      | Identified the +9 great mace "Onei" {speed, rCorr Stlth+}
  4287 | D:3      | Noticed an ogre
  4290 | D:3      | Found a transporter.
  4529 | D:3      | Reached XP level 5. HP: 24/24 MP: 7/11
  5392 | D:4      | Noticed an ogre
  5466 | D:4      | Identified the +2 falchion of Cruel Justice {vorpal, Int+4
                  | Dex+4}
  5637 | D:4      | Noticed an ogre
  5694 | D:4      | Learned a level 1 spell: Magic Dart
  5734 | D:4      | Killed an ogre
  5735 | D:4      | Reached XP level 6. HP: 28/28 MP: 6/12
  6620 | D:4      | Reached skill level 5 in Stealth
  6753 | D:5      | Entered Level 5 of the Dungeon
  6753 | D:5      | Found Duirek's Weapon Shoppe.
  6882 | D:5      | Reached XP level 7. HP: 16/32 MP: 9/14
  8088 | D:5      | Reached skill level 5 in Dodging
  8480 | D:5      | Noticed Menkaure
  8487 | D:5      | Killed Menkaure
  8488 | D:5      | Reached skill level 6 in Stealth
  8488 | D:5      | Reached skill level 5 in Earth Magic
  8488 | D:5      | Reached XP level 8. HP: 36/36 MP: 11/16
  9049 | D:5      | Noticed Sigmund
  9054 | D:5      | Killed Sigmund
  9055 | D:5      | Reached skill level 5 in Spellcasting
  9470 | D:5      | Found a runed translucent door.
  9470 | D:5      | Noticed rasy's ghost (novice DsFi)
 10341 | D:6      | Reached skill level 5 in Transmutations
 10929 | D:6      | Found a staircase to the Ecumenical Temple.
 11048 | Temple   | Entered the Ecumenical Temple
 11192 | Temple   | Became a worshipper of Vehumet
 11272 | D:6      | You fall into a shaft and drop 2 floors!
 11333 | D:8      | Found Ykhlysmyx's Lightly-Used Armoury.
 12033 | D:7      | Reached skill level 7 in Stealth
 12786 | D:7      | Reached XP level 9. HP: 39/39 MP: 14/18
 15493 | D:8      | Reached skill level 8 in Stealth
 16004 | D:8      | Reached skill level 5 in Conjurations
 16322 | D:8      | Reached * piety under Vehumet
 16322 | D:8      | Offered knowledge of Shock by Vehumet.
 16837 | D:9      | Found a flagged portal.
 16879 | Bailey   | Entered a bailey
 17318 | Bailey   | Slain by an orc warrior

Illustrated notes

Levels and vault maps discovered:
D:1:      minmay_arrival_loop, layout_basic, serial_shops, shop,
          chequers_hall_statues_y
D:2:      minmay_recursive_quarters, layout_basic,
          dreamdust_ecumenical_altar_hidden_monk_grotto, basic_altar,
          minmay_misc_feat_x, corexii_leaking_fountain, grunt_decor_clamped,
          eino_curves_01, minmay_indecisive_spiral
D:3:      layout_basic, grunt_gozag_breadcrumbs, gammafunk_ghost_smash,
          serial_shops, shop, item_on_display_a
D:4:      cheibrodos_helix_gallery, layout_cave_pools,
          nicolae_ossuary_entry_plus, columned_hall_lemuel, minmay_bent
D:5:      layout_basic, gammafunk_ghost_grave, nicolae_stop_n_shop_1,
          corexii_shack, dk_noncrumbling_2, uniq_menkaure, uniq_sigmund
D:6:      layout_basic, nemelex_diamond_rough_becter, trog_hazing_becter,
          minmay_temple_entry_glassed_door, minmay_misc_feat_enclosed
D:7:      layout_basic
D:8:      layout_gridville, minmay_shop_damaged
D:9:      layout_stronghold, lemuel_round_altar, gammafunk_ghost_stat_death,
          enter_bailey_2, serial_column_ruins, column_ruins_square_medium,
          column_ruins_hut, column_ruins_open_tiny, column_ruins_open_small,
          column_ruins_open_small, column_ruins_columns_T
Temple:   nicolae_temple_bog_church
Bailey:   bailey_axe_4, bailey

Skill      XL: |  1  2  3  4  5  6  7  8  9 |
---------------+----------------------------+-----
Dodging        | 3 4 5 6 7 |  7.2
Spellcasting   | 3 4 5 6 |  6.7
Transmutations | 2 3 4 5 6 |  6.7
Earth Magic    | 3 4 5 6 7 |  7.1
Stealth        | 4 5 6 7 8 |  8.5
Conjurations   | 1 2 3 4 5 |  5.2

Action                   |  1- 3 |  4- 6 |  7- 9 || total
-------------------------+-------+-------+-------++-------
Melee: Flail             |     6 |       |       ||     6
       Falchion          |       |     3 |    27 ||    30
 Cast: Sandblast         |    56 |   114 |   162 ||   332
       Stone Arrow       |       |       |    18 ||    18
       Magic Dart        |       |       |     2 ||     2
  Use: Scroll            |       |     5 |     3 ||     8
       Potion            |       |       |     6 ||     6
 Stab: Sleeping          |       |       |     2 ||     2
       Distracted        |       |       |     1 ||     1
Armor: Robe              |       |       |     1 ||     1
Dodge: Dodged            |    13 |    21 |    85 ||   119
Block: Other             |       |     3 |    31 ||    34
       Reflection        |       |       |     4 ||     4
